Map: 星軌船廠

Players

Sen

  • Race: Zerg Zerg
  • League: Master

Rex - Winner!

  • Race: Zerg Zerg
  • League: Grandmaster

Event: 2016 WCS Winter Challenger Taiwan

VOD

Have the link to the VOD?

Description

Time

  • Played on: Jan. 16, 2016, 9:06 a.m.
  • Length: 6:05

All games in this series

Show
View Real Time Build Order
Export as new Build Order

Sen Zerg 

Build Orders: Hatch First 

Get SALT Encoding   

  12  0:00  Drone  
  13  0:08  Drone  
  14  0:17  Overlord  
  14  0:26  Drone, Extractor  
  15  0:35  Drone x2  
  17  0:44  Drone  
  18  0:56  Hatchery  
  18  0:57  Drone  
  18  0:59  Extractor  
  17  1:12  Spawning Pool  
  17  1:15  Drone  
  17  1:18  Drone  
  18  1:28  Drone  
  19  1:37  Overlord  
  19  1:48  Drone  
  20  1:59  Queen  
  20  2:00  Metabolic Boost  
  22  2:02  Zergling x2  
  22  2:08  Drone, Queen  
  24  2:10  Drone  
  27  2:20  Drone x2  
  29  2:34  Hatchery  
  28  2:40  Drone x2  
  28  2:43  Drone  
  28  2:44  Drone  
  32  2:51  Overlord  
  32  2:57  Baneling Nest  
  31  3:01  Drone  
  31  3:02  Drone  
  32  3:11  Queen  
  34  3:16  Zergling x4  
  34  3:17  Zergling x2  
  34  3:18  Zergling x4  
  39  3:21  Zergling x2  
  39  3:22  Zergling x2  
  41  3:29  Overlord  
  41  3:30  Zergling x4  
  43  3:40  Overlord  
  43  3:42  Lair  
  43  3:46  Overlord, Drone  
  44  3:50  Zergling x2  
  44  3:52  Drone x2  
  44  3:55  Drone  
  47  3:57  Drone  
  47  3:59  Drone  
  47  4:02  Drone  
  50  4:10  Baneling  
  50  4:11  Baneling  
  50  4:14  Zergling x10  
  49  4:22  Zergling x10  
  54  4:27  Zergling x4  
  52  4:34  Zergling x6  
  54  4:40  Zergling x8  
  53  4:48  Zergling x2  
  53  4:49  Zergling x6  
  53  4:55  Zergling x2  
  50  5:06  Zergling x10  
  50  5:12  Zergling x2  
  50  5:13  Zergling x4  
  46  5:17  Zergling x4  
  48  5:21  Zergling x8  
  45  5:31  Zergling x2  
  38  5:36  Zergling x4  
  38  5:41  Zergling x2  
  38  5:42  Zergling x2  
  36  5:46  Zergling x8  
Show
View Real Time Build Order
Export as new Build Order

Rex Zerg - Winner!

Build Orders: Hatch First, Zergling Baneling 

Get SALT Encoding   

  12  0:00  Drone  
  13  0:09  Drone  
  14  0:17  Overlord  
  14  0:22  Extractor  
  14  0:23  Drone  
  16  0:35  Drone  
  16  0:36  Drone  
  17  0:52  Hatchery  
  17  0:55  Drone  
  17  0:58  Drone  
  18  1:05  Extractor  
  17  1:14  Spawning Pool  
  17  1:16  Drone  
  17  1:21  Drone  
  18  1:27  Drone  
  19  1:39  Overlord  
  19  1:48  Drone  
  20  2:01  Zergling x2, Queen  
  22  2:04  Queen  
  22  2:05  Drone  
  22  2:07  Metabolic Boost  
  26  2:14  Zergling x2  
  27  2:19  Drone  
  27  2:20  Drone  
  29  2:31  Drone  
  30  2:43  Hatchery  
  29  2:46  Drone  
  29  2:47  Baneling Nest  
  29  2:52  Drone x2  
  29  2:56  Drone x2  
  33  3:02  Overlord  
  33  3:15  Overlord  
  33  3:25  Zergling x12  
  33  3:26  Zergling x2  
  41  3:27  Zergling x2  
  41  3:32  Baneling x2  
  41  3:35  Zergling x2  
  41  3:38  Zergling x2  
  42  3:42  Zergling x6  
  42  3:44  Zergling x2  
  42  3:45  Baneling x2  
  42  3:48  Zergling x2  
  47  3:53  Zergling x4  
  48  3:58  Zergling x4  
  49  4:07  Zergling x10  
  54  4:14  Zergling x2  
  54  4:15  Zergling x2  
  54  4:17  Baneling x3  
  55  4:18  Baneling x5  
  55  4:20  Zergling x2  
  56  4:25  Zergling x2  
  56  4:28  Zergling x2  
  58  4:37  Zergling x2  
  56  4:40  Zergling x2  
  56  4:44  Zergling x2  
  54  4:48  Zergling x4  
  54  4:49  Zergling x6  
  53  4:53  Zergling x2  
  53  4:55  Zergling x2  
  53  4:57  Zergling x4  
  53  4:59  Zergling x2  
  55  5:02  Zergling x4  
  55  5:05  Zergling x2  
  55  5:11  Zergling x2  
  55  5:12  Zergling x2  
  55  5:13  Baneling x2  
  55  5:21  Zergling x2  
  55  5:22  Zergling x2  
  55  5:23  Zergling x2  
  55  5:25  Zergling x2  
  52  5:35  Zergling x2  
  52  5:39  Zergling x2  
  51  5:47  Zergling x2  
Tags
 
Add a new tag
Caveats
  • Supply blocks, unpowered buildings, or Contaminate may cause inaccurate times.
  • Supply counts are checked every 10 seconds.